 Dungeon Crawl Stone Soup version 0.30-a0-576-g89cddaab80 (webtiles) character file.

Game seed: 6426837466223094926

16205 Twinkles the Grappler (level 12, -13/119 HPs)
             Began as a Troll Gladiator on Dec 30, 2022.
             Was a High Priest of the Shining One.
             Mangled by a minotaur
             ... wielding a +1 rapier of flaming
              (16 damage)
             ... in a Gauntlet on Dec 31, 2022.
             The game lasted 00:41:14 (10253 turns).

Twinkles the Grappler (Troll Gladiator)            Turns: 10253, Time: 00:41:14

Health: -13/119    AC:  7    Str: 29    XL:     12   Next: 8%
Magic:  11/11      EV: 14    Int:  4    God:    the Shining One [*****.]
Gold:   952        SH:  0    Dex: 17    Spells: 11/11 levels left

rFire   + . .      SeeInvis .      - Unarmed
rCold   . . .      Faith    .    (no shield)
rNeg    + + .      Spirit   .    h - +0 steam dragon scales
rPois   .          Reflect  .    b - +0 hat
rElec   +          Harm     .    g - scarf {repulsion}
rCorr   .          Rampage  .    (gloves unavailable)
Will    +....      NoTele   +    (boots unavailable)
Stlth   +                        C - amulet of the acrobat
HPRegen 1.19/turn                i - +6 ring of dexterity
MPRegen 0.12/turn                a - ring of Harmony {rElec rF+ Will+}

@: mighty, hasted, glowing, repel missiles, very quick
A: large, unfitting armour, claws 3, regeneration 1, shaggy fur 1, tough skin 1
a: Renounce Religion, Divine Shield, Cleansing Flame, Summon Divine Warrior


You were in a Gauntlet.
You worshipped the Shining One.
The Shining One was extremely pleased with you.
You visited 3 branches of the dungeon, and saw 14 of its levels.
You also visited: Gauntlet.

You collected 952 gold pieces.

Inventory:

Hand Weapons
 t - a +4 flail of freezing
 y - a +0 dire flail
Missiles
 c - 4 throwing nets
 d - 15 large rocks
 p - 45 poisoned darts (quivered)
 E - 7 curare-tipped darts
Armour
 b - a +0 hat (worn)
 g - a scarf of repulsion (worn)
 h - +0 steam dragon scales (worn)
 v - a +0 cloak
Jewellery
 a - the ring of Harmony (right claw) {rElec rF+ Will+}
   (You found it in a Gauntlet)

   [ring of protection from fire]

   rF:        It protects you from fire.
   rElec:     It insulates you from electricity.
   Will:      It increases your willpower.
 e - a ring of see invisible
 i - a +6 ring of dexterity (left claw)
 r - a ring of protection from fire
 s - a ring of positive energy
 C - an amulet of the acrobat (around neck)
 G - a ring of protection from fire
Wands
 j - a wand of polymorph (4)
 q - a wand of flame (20)
Scrolls
 k - a scroll of fear {unknown}
 m - 2 scrolls of amnesia
 o - 2 scrolls of enchant weapon {unknown}
 u - a scroll of magic mapping {unknown}
 x - a scroll of acquirement {unknown}
 z - a scroll of brand weapon {unknown}
 D - 3 scrolls of poison
 F - 2 scrolls of fog
 I - 2 scrolls of blinking {unknown}
 K - a scroll of immolation
 O - 3 scrolls of silence
 V - a scroll of vulnerability
Potions
 w - a potion of magic {unknown}
 A - 4 potions of attraction
 B - a potion of brilliance
 H - 2 potions of haste
 J - 3 potions of curing
 L - 2 potions of flight
 P - 2 potions of lignification
 R - 2 potions of resistance


   Skills:
 + Level 8.1 Fighting
 * Level 6.6 Throwing
 + Level 8.3 Dodging
 * Level 13.4 Unarmed Combat


You had 11 spell levels left.
You didn't know any spells.
Your spell library contained the following spells:

 Spells                   Type           Power      Damage    Failure   Level
 Apportation              Tloc           0%         N/A       50%         1
 Cigotuvi's Dreadful Rot  Necr/Pois/Air  0%         N/A       65%         2
 Sublimation of Blood     Necr           0%         N/A       65%         2
 Dazzling Flash           Conj/Hex       0%         N/A       86%         3
 Portal Projectile        Hex/Tloc       0%         N/A       86%         3
 Summon Guardian Golem    Hex/Summ       0%         N/A       86%         3
 Tukima's Dance           Hex            0%         N/A       86%         3
 Dispel Undead            Necr           0%         3d6       99%         4
 Iskenderun's Mystic Bla  Conj/Tloc      0%         2d3       99%         4
 Petrify                  Tmut/Erth      0%         N/A       99%         4
 Alistair's Intoxication  Tmut/Pois      0%         N/A       100%        5
 Blade Hands              Tmut           0%         N/A       100%        5
 Irradiate                Conj/Tmut      0%         3d11      100%        5
 Death Channel            Necr           0%         N/A       100%        6
 Starburst                Conj/Fire      0%         6d3       100%        6
 Orb of Destruction       Conj           0%         9d5       100%        7
 Spellforged Servitor     Conj/Summ      0%         N/A       100%        7


Dungeon Overview and Level Annotations

Branches:
Dungeon (12/15) Zot: 26978  Temple (1/1) D:4 Zot: 5933    Lair (1/5) D:11 Zot: 5693
    Orc (0/2) D:11        Gauntlet (1/1) Zot: 5006

Altars:
Ashenzari
Cheibriados
Dithmenos
Elyvilon
Fedhas
Gozag
Hepliaklqana
Kikubaaqudgha
Makhleb
Nemelex Xobeh
Okawaru
Qazlal
Ru
Sif Muna
Trog
Uskayaw
Vehumet
Wu Jian
Xom
Yredelemnul
Zin
The Shining One

Shops:
D:5 :   D:10 (

Annotations:
D:8 exclusion: 3 doors
D:9 2 transporters
Lair:1 exclusions: 2 doors and 2 more exclusions Gauntlet 15 runed translucent doors, 10 transporters


Innate Abilities, Weirdness & Mutations

You are too large for most types of armour.
You have claws for hands.
Your natural rate of healing is unusually fast.
You are covered in fur. (AC +1)
You have tough skin. (AC +1)


Message History

A minotaur comes into view.
It is wielding a +1 rapier of flaming and wearing a +0 chain mail of cold resistance.
The minotaur bellows!
You claw the minotaur! You claw the minotaur!!
The minotaur is moderately wounded.
The minotaur hits you with a +1 rapier of flaming!!
The minotaur burns you. The minotaur gores you.
You feel very mighty all of a sudden.
The minotaur hits you with a +1 rapier of flaming!
The minotaur burns you. The minotaur gores you!
You scratch the minotaur.
The minotaur is heavily wounded.
The minotaur hits you with a +1 rapier of flaming!
The minotaur burns you. The minotaur gores you!
* * * LOW HITPOINT WARNING * * *
You claw the minotaur!
The minotaur is heavily wounded.
The minotaur hits you with a +1 rapier of flaming!
* * * LOW HITPOINT WARNING * * *
The minotaur burns you.
* * * LOW HITPOINT WARNING * * *
The minotaur gores you!
* * * LOW HITPOINT WARNING * * *
You feel much better. The minotaur misses you.
The minotaur completely misses you.
You mangle the minotaur!!
The minotaur is almost dead.
You barely miss the minotaur.
The minotaur furiously retaliates!
The minotaur headbutts you!
* * * LOW HITPOINT WARNING * * *
Your claw misses the minotaur.
The minotaur is almost dead.
The minotaur hits you with a +1 rapier of flaming!!
* * * LOW HITPOINT WARNING * * *
The minotaur burns you.
* * * LOW HITPOINT WARNING * * *
The minotaur gores you.
* * * LOW HITPOINT WARNING * * *
You feel yourself speed up.
The minotaur hits you with a +1 rapier of flaming!
You die...

#########.#########
#.............#
#.###########.#
#.#... #.# #.#.# ##
##.# #...## 8##.#.#
#.#..# ...#.#
####.# #H##.#
#..#.#####@#..#
##.#.......#.##
#.#########.#
#...........#
#############


You could see a minotaur.

Vanquished Creatures
  Erolcha (D:9)
  A two-headed ogre (D:8)
  A manticore (D:11)
  2 cyclopes (D:11)
  3 large abominations (Gauntlet)
  3 cane toads (Lair:1)
  2 gargoyles (D:11)
  2 komodo dragons (Lair:1)
  2 kobold demonologists (D:7)
  2 trolls
  A polar bear (Lair:1)
  A raiju (Gauntlet)
  2 wyverns (D:10)
  23 yaks
  Grum (D:10)
  3 steam dragons
  4 water moccasins
  6 small abominations (Gauntlet)
  2 ice beasts
  3 orc warriors
  2 ogres (D:5)
  2 wolves (D:10)
  5 centaurs
  2 phantoms
  8 kobold brigands
  3 bullfrogs
  6 scorpions
  15 wights
  5 killer bees (D:9)
  A gnoll bouda (D:8)
  A hound (D:6)
  2 jellies (D:5)
  7 orc priests
  10 iguanas
  7 orc wizards
  9 gnolls
  8 adders
  3 ufetubi
  4 worms
  2 dart slugs
  52 orcs
  7 ball pythons
  6 bats
  8 endoplasms
  3 giant cockroaches
  5 hobgoblins
  5 jackals (D:1)
  10 kobolds
  3 quokkas
  6 frilled lizards
  14 goblins
  2 rats (D:2)
288 creatures vanquished.

Vanquished Creatures (others)
  25 demonic plants (Gauntlet)
  A plant (Lair:1)
26 creatures vanquished.

Grand Total: 314 creatures vanquished

Notes
Turn   | Place    | Note
-------+----------+-------------------------------------------
     0 | D:1      | Twinkles the Troll Gladiator began the quest for the Orb.
     0 | D:1      | Reached XP level 1. HP: 19/19 MP: 0/0
   173 | D:1      | Reached XP level 2. HP: 28/28 MP: 1/1
   759 | D:2      | Reached XP level 3. HP: 35/35 MP: 2/2
   793 | D:2      | Found a faded altar of an unknown god.
  1281 | D:2      | Reached XP level 4. HP: 40/42 MP: 3/3
  1817 | D:3      | You fall into a shaft and drop 3 floors!
  1864 | D:6      | Reached skill level 4 in Unarmed Combat
  1864 | D:6      | Reached XP level 5. HP: 50/50 MP: 4/4
  1984 | D:6      | Reached XP level 6. HP: 59/59 MP: 5/5
  2002 | D:6      | Noticed an orc warrior
  2102 | D:5      | Entered Level 5 of the Dungeon
  2330 | D:5      | HP: 15/61 [ogre/+0 giant club (26)]
  2333 | D:5      | Reached skill level 5 in Unarmed Combat
  2419 | D:5      | Reached XP level 7. HP: 55/67 MP: 6/6
  2557 | D:4      | Reached skill level 6 in Unarmed Combat
  2579 | D:4      | Identified the +5 hand axe "Uridauxe" {pain, *Corrode
                  | Int+7}
  2630 | D:4      | Found a white marble altar of Elyvilon.
  2765 | D:4      | Found a staircase to the Ecumenical Temple.
  2775 | Temple   | Entered the Ecumenical Temple
  2821 | Temple   | Became a worshipper of the Shining One
  3402 | D:5      | Reached XP level 8. HP: 78/78 MP: 7/7
  3449 | D:5      | Found Bun Giequt's Book Shoppe.
  3696 | D:5      | Reached skill level 7 in Unarmed Combat
  4068 | D:6      | Reached skill level 5 in Dodging
  4181 | D:6      | Reached skill level 8 in Unarmed Combat
  4393 | D:7      | Reached skill level 5 in Fighting
  4471 | D:7      | Reached * piety under the Shining One
  4485 | D:7      | Reached XP level 9. HP: 84/88 MP: 8/8
  4844 | D:7      | Found the +7 Throatcutter {drain, coup de grace}
  4844 | D:7      | Noticed a kobold demonologist
  4844 | D:7      | Noticed a kobold demonologist
  4850 | D:7      | Noticed a hellwing
  4857 | D:7      | Killed a kobold demonologist
  4858 | D:7      | Reached skill level 9 in Unarmed Combat
  4862 | D:7      | Killed a kobold demonologist
  5023 | D:7      | Reached skill level 10 in Unarmed Combat
  5340 | D:8      | Noticed a two-headed ogre
  5349 | D:8      | Killed a two-headed ogre
  5350 | D:8      | Reached XP level 10. HP: 61/98 MP: 9/9
  5646 | D:8      | Reached ** piety under the Shining One
  6174 | D:9      | Reached skill level 11 in Unarmed Combat
  6503 | D:9      | Found a transporter.
  6505 | D:9      | Noticed a deep elf pyromancer
  6506 | D:9      | Noticed a white ugly thing
  6508 | D:9      | Found a hide-covered altar of Uskayaw.
  6509 | D:9      | Found a transporter.
  6510 | D:9      | Found a basalt altar of Yredelemnul.
  6545 | D:9      | Noticed Erolcha
  6551 | D:9      | Killed Erolcha
  6551 | D:9      | Reached *** piety under the Shining One
  6932 | D:10     | Entered Level 10 of the Dungeon
  7494 | D:10     | Reached skill level 12 in Unarmed Combat
  7507 | D:10     | Noticed Grum
  7525 | D:10     | Killed Grum
  7594 | D:10     | Found Izir's Weapon Boutique.
  7872 | D:10     | Reached XP level 11. HP: 104/109 MP: 10/10
  8198 | D:11     | HP: 25/109 [manticore (8)]
  8495 | D:11     | Found a staircase to the Orcish Mines.
  8622 | D:11     | Reached **** piety under the Shining One
  8654 | D:11     | Found a staircase to the Lair.
  8725 | D:11     | Reached skill level 5 in Throwing
  8909 | D:12     | Noticed a deep elf pyromancer
  8928 | Lair:1   | Entered Level 1 of the Lair of Beasts
  9052 | Lair:1   | Reached skill level 13 in Unarmed Combat
  9227 | Lair:1   | Found a gate leading to a gauntlet.
  9247 | Gauntlet | Entered a Gauntlet
  9247 | Gauntlet | Found a large runed translucent door.
  9247 | Gauntlet | Found a large runed translucent door.
  9247 | Gauntlet | Found a large runed translucent door.
  9247 | Gauntlet | Found a large runed translucent door.
  9247 | Gauntlet | Found a large runed translucent door.
  9247 | Gauntlet | Found a large runed translucent door.
  9247 | Gauntlet | Found a runed translucent door.
  9247 | Gauntlet | Found a transporter.
  9247 | Gauntlet | Found a transporter.
  9247 | Gauntlet | Found a runed translucent door.
  9247 | Gauntlet | Found a large runed translucent door.
  9247 | Gauntlet | Found a large runed translucent door.
  9247 | Gauntlet | Found a large runed translucent door.
  9247 | Gauntlet | Found a large runed translucent door.
  9247 | Gauntlet | Found a large runed translucent door.
  9247 | Gauntlet | Found a large runed translucent door.
  9251 | Gauntlet | Found a transporter.
  9251 | Gauntlet | Found a transporter.
  9257 | Gauntlet | Noticed a wizard
  9260 | Gauntlet | Found a transporter.
  9276 | Gauntlet | Noticed a sixfirhy
  9277 | Gauntlet | Reached ***** piety under the Shining One
  9279 | Gauntlet | Found a transporter.
  9285 | Gauntlet | Noticed a glowing orange brain
  9286 | Gauntlet | Noticed a cyan ugly thing
  9289 | Gauntlet | Found a transporter.
  9289 | Gauntlet | Found a transporter.
  9293 | Gauntlet | Found a transporter.
  9320 | Gauntlet | Found a transporter.
  9327 | Gauntlet | Found a transporter.
  9340 | Gauntlet | Found a large runed translucent door.
  9341 | Gauntlet | Found a large runed translucent door.
  9343 | Gauntlet | Found a runed translucent gate.
  9344 | Gauntlet | Found a runed translucent gate.
  9345 | Gauntlet | Found a transporter.
  9345 | Gauntlet | Found a runed translucent gate.
  9363 | Gauntlet | Found a large runed translucent door.
  9364 | Gauntlet | Found a large runed translucent door.
  9390 | Gauntlet | Found a transporter.
  9404 | Gauntlet | Found a transporter.
  9505 | Gauntlet | Found a transporter.
  9508 | Gauntlet | Noticed a soul eater
  9519 | Gauntlet | Found a transporter.
 10076 | Gauntlet | Reached XP level 12. HP: 101/119 MP: 11/11
 10108 | Gauntlet | Identified the ring of Harmony {rElec rF+ Will+}
 10244 | Gauntlet | Noticed a minotaur
 10248 | Gauntlet | HP: 32/119 [minotaur/+1 rapier of flaming (17)]
 10249 | Gauntlet | HP: 10/119 [minotaur/+1 rapier of flaming (11)]
 10252 | Gauntlet | HP: 4/119 [minotaur/+1 rapier of flaming (20)]
 10253 | Gauntlet | Mangled by a minotaur

Illustrated notes

Levels and vault maps discovered:
D:1:      scummos_arrival_star, layout_basic, ebering_dispersal_statue_hall,
          st_stairs_6
D:2:      minmay_razor_zed, layout_rooms, chequers_ecumenical_altar_simple
D:3:      layout_rooms
D:4:      layout_basic, kennysheep_mini_moat, minmay_temple_entry_tees,
          st_stairs_14
D:5:      layout_loops_corners, serial_shops, nicolae_diamond_shop
D:6:      layout_basic, roderic_lattice_a
D:7:      layout_loops_ring, dilly_guarded_unrand_throatcut
D:8:      layout_gridville, kennysheep_small_circle
D:9:      layout_irregular_city, gammafunk_temple_overflow_arena,
          serial_column_ruins, column_ruins_hut_pillars,
          column_ruins_circle_medium, column_ruins_open_small,
          column_ruins_open_tiny, column_ruins_open_small,
          column_ruins_open_tiny, column_ruins_corridor_straight, uniq_erolcha
D:10:     layout_roguey, serial_shops, nicolae_shop_bloodbath_and_beyond,
          uniq_grum
D:11:     layout_loops_ring, lair_entry_dummy, hiddenorc1_lemuel
D:12:     layout_basic
Temple:   hellmonk_temple_of_storms
Lair:1:   layout_roguey, gauntlet_entry_generic, serial_bayou_shore_b,
          grunt_megastairs_5
Gauntlet: gammafunk_gauntlet_branching [gammafunk_gauntlet_arena_hedges,
          minmay_gauntlet_arena_make_your_own_arena,
          nicolae_gauntlet_arena_t_cross, gammafunk_gauntlet_arena_corners,
          gammafunk_gauntlet_arena_mazey, nicolae_gauntlet_arena_quarters,
          nicolae_gauntlet_arena_x, gammafunk_gauntlet_arena_chambers,
          dreamdust_gauntlet_exit_labyrinth]

Skill      XL: |  1  2  3  4  5  6  7  8  9 10 11 |
---------------+----------------------------------+-----
Throwing       | 2 3 6 |  6.6
Fighting       | 2 3 4 5 6 7 8 |  8.1
Dodging        | 3 4 5 6 7 8 |  8.3
Unarmed Combat | 4 5 6 8 10 12 13 | 13.4

Action                   |  1- 3 |  4- 6 |  7- 9 | 10-12 || total
-------------------------+-------+-------+-------+-------++-------
Melee: Unarmed           |   110 |    89 |   235 |   330 ||   764
       Punch             |       |     3 |    10 |    36 ||    49
Throw: Throwing net      |       |     1 |       |       ||     1
       Dart              |       |       |     1 |     4 ||     5
       Large rock        |       |       |     1 |       ||     1
  Use: Scroll            |       |     2 |     4 |    13 ||    19
       Potion            |       |       |       |     3 ||     3
 Stab: Sleeping          |     2 |       |     1 |       ||     3
Armor: Robe              |    41 |    19 |    32 |     1 ||    93
       Steam dragon scal |       |       |       |    65 ||    65
Dodge: Dodged            |    53 |    38 |   107 |   238 ||   436
       Repelled          |       |       |     1 |     1 ||     2

Table legend: (Time is in decaauts)
 A = Elapsed time spent in this place.
 B = Non-inter-level travel time spent in this place.
 C = Inter-level travel time spent in this place.
 D = Time resting spent in this place.
 E = Time spent auto-exploring this place.
 F = Levels seen in this place.
 G = Mean time per level.
                   A        B        C        D        E       F      G
               +--------+--------+--------+--------+--------+-----+--------+
         Total |  10135 |   9510 |    625 |    647 |   6335 |  15 |  675.7 |
       Dungeon |   8769 |   8234 |    535 |    508 |   6041 |  12 |  730.8 |
        Temple |     66 |     34 |     32 |      0 |     18 |   1 |   66.0 |
          Lair |    306 |    248 |     58 |     74 |      0 |   1 |  306.0 |
      Gauntlet |    992 |    992 |      0 |     65 |    276 |   1 |  992.0 |
               +--------+--------+--------+--------+--------+-----+--------+

Top non-repeatable levels by time:
Gauntlet: 992 daAuts
    D:10: 967 daAuts
     D:7: 950 daAuts
     D:5: 944 daAuts
     D:9: 913 daAuts
    D:11: 877 daAuts
     D:8: 791 daAuts
     D:1: 791 daAuts
     D:6: 775 daAuts
     D:4: 734 daAuts
     D:2: 683 daAuts
     D:3: 333 daAuts
  Lair:1: 306 daAuts
  Temple: 66 daAuts
    D:12: 6 daAuts
